CAL (WIN)
CLEARWATER THRESHERS @ WINSTON-SALEM DASH
12/14/2049
 
TOP OF THE 1ST
Clearwater Threshers batting - Pitching for Winston-Salem Dash : RHP Alfredo Leiva
Pitching: RHP Alfredo Leiva
Batting: RHB Tony Perez 0-0: Ball
1-0: Ball
2-0: Ground out 6-3 (Groundball, 6, EV 88.1 MPH)
Batting: LHB Jean-Claude Vanbiesbrouck 0-0: Foul Ball, location: 25F
0-1: Called Strike
0-2: Strikes out looking
Batting: LHB Rich Kuehne 0-0: Foul Ball, location: 2F
0-1: Ball
1-1: Ground out 6-3 (Groundball, 6M, EV 91.9 MPH)
Top of the 1st over - 0 runs, 0 hits, 0 errors, 0 left on base; Clearwater 0 - Winston-Salem 0
BOTTOM OF THE 1ST
Winston-Salem Dash batting - Pitching for Clearwater Threshers : RHP Lance Brisson
Pitching: RHP Lance Brisson
Batting: RHB Kunimatsu Oya 0-0: Swinging Strike
0-1: Fly out, F7 (Flyball, 7S, EV 81.3 MPH)
Batting: SHB Andres Agudo 0-0: Ball
1-0: Called Strike
1-1: Ball
2-1: Ball
3-1: Base on Balls
Batting: LHB Jesus Ramirez 0-0: Called Strike
0-1: Called Strike
0-2: Ball
1-2: Foul Ball, location: 2F
1-2: Ball
Wild Pitch!
Andres Agudo to second
2-2: Ball
3-2: Strikes out swinging
Batting: LHB Ryan Dyal 0-0: Ball
1-0: Ball
2-0: Fly out, F9 (Flyball, 9LM, EV 103.1 MPH)
Bottom of the 1st over - 0 runs, 0 hits, 0 errors, 1 left on base; Clearwater 0 - Winston-Salem 0
TOP OF THE 2ND
Clearwater Threshers batting - Pitching for Winston-Salem Dash : RHP Alfredo Leiva
Batting: LHB Josh George 0-0: Ball
1-0: Swinging Strike
1-1: Called Strike
1-2: Ball
2-2: SOLO HOME RUN (Line Drive, 89XD, EV 100.6 MPH), Distance : 420 ft
Batting: LHB Jonathan Roman 0-0: Ball
1-0: Ball
2-0: Ball
3-0: Called Strike
3-1: Base on Balls
Batting: LHB Matt Urbanek 0-0: Called Strike
0-1: Swinging Strike
0-2: Foul Ball, location: 25F
0-2: Ball
1-2: Ball
2-2: Strikes out swinging
Batting: RHB Mike Maserang 0-0: Called Strike
0-1: Ball
Jonathan Roman steals 2nd base (no throw)
1-1: Foul Ball, location: 2F
1-2: Strikes out looking
Batting: RHB Juan Valadez 0-0: Ball
1-0: Called Strike
1-1: Fly out, F8 (Flyball, 78M, EV 76.3 MPH)
Top of the 2nd over - 1 run, 1 hit, 0 errors, 1 left on base; Clearwater 1 - Winston-Salem 0
BOTTOM OF THE 2ND
Winston-Salem Dash batting - Pitching for Clearwater Threshers : RHP Lance Brisson
Batting: RHB Corey Dalton 0-0: Ball
1-0: Ground out 6-3 (Groundball, 6, EV 86.3 MPH)
Batting: RHB Tommy Ellington 0-0: Called Strike
0-1: Ball
1-1: Swinging Strike
1-2: Strikes out swinging
Batting: RHB Santos Guadalupe 0-0: Fly out, F8 (Line Drive, 8LM, EV 98.1 MPH)
Bottom of the 2nd over - 0 runs, 0 hits, 0 errors, 0 left on base; Clearwater 1 - Winston-Salem 0
TOP OF THE 3RD
Clearwater Threshers batting - Pitching for Winston-Salem Dash : RHP Alfredo Leiva
Batting: LHB Eric Farren 0-0: Ball
1-0: Foul Ball, location: 2F
1-1: Ball
2-1: Swinging Strike
2-2: Strikes out looking
Batting: RHB Tony Perez 0-0: Swinging Strike
0-1: Swinging Strike
0-2: Strikes out looking
Batting: LHB Jean-Claude Vanbiesbrouck 0-0: Called Strike
0-1: Called Strike
0-2: Strikes out looking
Top of the 3rd over - 0 runs, 0 hits, 0 errors, 0 left on base; Clearwater 1 - Winston-Salem 0
BOTTOM OF THE 3RD
Winston-Salem Dash batting - Pitching for Clearwater Threshers : RHP Lance Brisson
Batting: RHB Kaoru Hamada 0-0: DOUBLE (Line Drive, 7LS, EV 88.1 MPH)
Batting: RHB Miguel Pacheco 0-0: Foul Ball, location: 3FF
0-1: Ball
1-1: Ball
2-1: Foul Ball, location: 5F
2-2: Strikes out looking
Batting: RHB Kunimatsu Oya 0-0: Ball
1-0: Ball
2-0: Fly out, F6 (Line Drive, 6, EV 65.0 MPH)
Batting: SHB Andres Agudo 0-0: Foul Ball, location: 2F
0-1: Ball
1-1: Called Strike
1-2: DOUBLE (Groundball, 5L, EV 98.1 MPH)
Kaoru Hamada scores
Batting: LHB Jesus Ramirez 0-0: Called Strike
0-1: Called Strike
0-2: Foul Ball, location: 2F
0-2: Ball
1-2: Ball
2-2: Foul Ball, location: 3F
2-2: Ground out 4-3 (Groundball, 4, EV 107.5 MPH)
Bottom of the 3rd over - 1 run, 2 hits, 0 errors, 1 left on base; Clearwater 1 - Winston-Salem 1
TOP OF THE 4TH
Clearwater Threshers batting - Pitching for Winston-Salem Dash : RHP Alfredo Leiva
Batting: LHB Rich Kuehne 0-0: Fly out, F8 (Flyball, 8LD, EV 100.0 MPH)
Batting: LHB Josh George 0-0: Ball
1-0: Called Strike
1-1: Foul Ball, location: 2F
1-2: Ball
2-2: Foul Ball, location: 2F
2-2: Ball
3-2: SINGLE (Groundball, 4, EV 81.9 MPH) (infield hit)
Batting: LHB Jonathan Roman 0-0: Called Strike
0-1: Ball
1-1: Swinging Strike
1-2: Ball
2-2: Strikes out looking
Batting: LHB Matt Urbanek 0-0: Ball
1-0: Called Strike
1-1: Fly out, F8 (Flyball, 8RD, EV 91.9 MPH)
Top of the 4th over - 0 runs, 1 hit, 0 errors, 1 left on base; Clearwater 1 - Winston-Salem 1
BOTTOM OF THE 4TH
Winston-Salem Dash batting - Pitching for Clearwater Threshers : RHP Lance Brisson
Batting: LHB Ryan Dyal 0-0: Ground out 6-3 (Groundball, 6, EV 100.0 MPH)
Batting: RHB Corey Dalton 0-0: Ball
1-0: Called Strike
1-1: Ball
2-1: Ball
3-1: Fly out, F4 (Popup, 6MD, EV 51.3 MPH)
Batting: RHB Tommy Ellington 0-0: Ball
1-0: Called Strike
1-1: Foul Ball, location: 2F
1-2: Ball
2-2: Foul Ball, location: 2F
2-2: Ball
3-2: Strikes out looking
Bottom of the 4th over - 0 runs, 0 hits, 0 errors, 0 left on base; Clearwater 1 - Winston-Salem 1
TOP OF THE 5TH
Clearwater Threshers batting - Pitching for Winston-Salem Dash : RHP Alfredo Leiva
Batting: RHB Mike Maserang 0-0: Ground out 5-3 (Groundball, 5S, EV 71.3 MPH)
Batting: RHB Juan Valadez 0-0: Swinging Strike
0-1: Ball
1-1: Ground out 4-3 (Groundball, 4, EV 86.3 MPH)
Batting: LHB Eric Farren 0-0: Called Strike
0-1: Ball
1-1: Called Strike
1-2: Strikes out swinging
Top of the 5th over - 0 runs, 0 hits, 0 errors, 0 left on base; Clearwater 1 - Winston-Salem 1
BOTTOM OF THE 5TH
Winston-Salem Dash batting - Pitching for Clearwater Threshers : RHP Lance Brisson
Batting: RHB Santos Guadalupe 0-0: Fly out, F4 (Popup, 34S, EV 67.5 MPH)
Batting: RHB Kaoru Hamada 0-0: Called Strike
0-1: Ball
1-1: Foul Ball, location: 2F
1-2: Fly out, F7 (Flyball, 7D, EV 102.5 MPH)
Batting: RHB Miguel Pacheco 0-0: Swinging Strike
0-1: Ball
1-1: Swinging Strike
1-2: Strikes out swinging
Bottom of the 5th over - 0 runs, 0 hits, 0 errors, 0 left on base; Clearwater 1 - Winston-Salem 1
TOP OF THE 6TH
Clearwater Threshers batting - Pitching for Winston-Salem Dash : RHP Alfredo Leiva
Batting: RHB Tony Perez 0-0: Ground out 4-3 (Groundball, 34, EV 86.3 MPH)
Batting: LHB Jean-Claude Vanbiesbrouck 0-0: Ball
1-0: Ball
2-0: Foul Ball, location: 2F
2-1: Ball
3-1: SINGLE (Groundball, 6MD, EV 98.8 MPH)
Batting: LHB Rich Kuehne 0-0: Ball
1-0: Called Strike
Jean-Claude Vanbiesbrouck steals 2nd base
1-1: Ball
2-1: Swinging Strike
2-2: Ball
3-2: Base on Balls
Batting: LHB Josh George 0-0: Called Strike
Jean-Claude Vanbiesbrouck steals 3rd base
0-1: Ball
1-1: Foul Ball, location: 3FF
1-2: Strikes out swinging
Batting: LHB Jonathan Roman 0-0: Ground out 4-3 (Groundball, 4, EV 93.1 MPH)
Top of the 6th over - 0 runs, 1 hit, 0 errors, 2 left on base; Clearwater 1 - Winston-Salem 1
BOTTOM OF THE 6TH
Winston-Salem Dash batting - Pitching for Clearwater Threshers : RHP Lance Brisson
Batting: RHB Kunimatsu Oya 0-0: Foul Ball, location: 2F
0-1: Ground out 6-3 (Groundball, 56, EV 86.3 MPH)
Batting: SHB Andres Agudo 0-0: Ball
1-0: Foul Ball, location: 7LDF
1-1: Ball
2-1: Ball
3-1: SINGLE (Groundball, 34D, EV 103.1 MPH)
Batting: LHB Jesus Ramirez 0-0: Ball
1-0: Fly out, F8 (Line Drive, 8LM, EV 91.9 MPH)
Batting: LHB Ryan Dyal 0-0: Ball
1-0: Fielders Choice at 2nd, 6-4 (Groundball, 6, EV 91.9 MPH)
Bottom of the 6th over - 0 runs, 1 hit, 0 errors, 1 left on base; Clearwater 1 - Winston-Salem 1
TOP OF THE 7TH
Clearwater Threshers batting - Pitching for Winston-Salem Dash : RHP Alfredo Leiva
Batting: LHB Matt Urbanek 0-0: Called Strike
0-1: Ground out 1-3 (Groundball, P, EV 63.1 MPH)
Batting: RHB Mike Maserang 0-0: Called Strike
0-1: Called Strike
0-2: Foul Ball, location: 5FF
0-2: Strikes out swinging
Batting: RHB Juan Valadez 0-0: Called Strike
0-1: SINGLE (Line Drive, 56D, EV 96.3 MPH)
Pitching: LHP Matt Granados
Pinch Hitting: RHB Alan Weller 0-0: Fly out, F7 (Flyball, 7, EV 88.8 MPH)
Top of the 7th over - 0 runs, 1 hit, 0 errors, 1 left on base; Clearwater 1 - Winston-Salem 1
BOTTOM OF THE 7TH
Winston-Salem Dash batting - Pitching for Clearwater Threshers : RHP Lance Brisson
Now at SS: Trent Hedrick
Batting: RHB Corey Dalton 0-0: DOUBLE (Line Drive, 78M, EV 94.4 MPH)
Batting: RHB Tommy Ellington 0-0: Ball
1-0: SINGLE (Groundball, 56D, EV 105.0 MPH)
Corey Dalton to third
Batting: RHB Santos Guadalupe 0-0: DOUBLE (Flyball, 8LD, EV 100.0 MPH)
Corey Dalton scores
Tommy Ellington to third
Batting: RHB Kaoru Hamada 0-0: Intentional Walk
Batting: RHB Miguel Pacheco 0-0: SINGLE (Line Drive, 56, EV 66.9 MPH)
Tommy Ellington scores
Santos Guadalupe to third
Kaoru Hamada to second
Runner from 3rd tries for Home, SAFE, throw by LF to home
Batting: RHB Kunimatsu Oya 0-0: Sac Bunt to 2R - play at first, batter OUT! 2-3
Kaoru Hamada to third
Miguel Pacheco to second
Batting: SHB Andres Agudo 0-0: Foul Ball, location: 7LMF
0-1: Ball
1-1: Swinging Strike
1-2: Strikes out swinging
Batting: LHB Jesus Ramirez 0-0: Called Strike
0-1: Ball
1-1: Called Strike
1-2: Ball
2-2: Fly out, F9 (Flyball, 9D, EV 93.1 MPH)
Bottom of the 7th over - 3 runs, 4 hits, 0 errors, 2 left on base; Clearwater 1 - Winston-Salem 4
TOP OF THE 8TH
Clearwater Threshers batting - Pitching for Winston-Salem Dash : LHP Matt Granados
Batting: RHB Tony Perez 0-0: Called Strike
0-1: Foul Ball, location: 9LSF
0-2: Foul Ball, location: 2F
0-2: Ball
1-2: Strikes out swinging
Batting: LHB Jean-Claude Vanbiesbrouck 0-0: Ball
1-0: Swinging Strike
1-1: Ball
2-1: Foul Ball, location: 2F
2-2: Ball
3-2: Foul Ball, location: 5FF
3-2: Strikes out swinging
Batting: SHB Brett St. Clair 0-0: Fly out, F8 (Flyball, 89XD, EV 91.3 MPH)
Top of the 8th over - 0 runs, 0 hits, 0 errors, 0 left on base; Clearwater 1 - Winston-Salem 4
BOTTOM OF THE 8TH
Winston-Salem Dash batting - Pitching for Clearwater Threshers : RHP Lance Brisson
Batting: LHB Ryan Dyal 0-0: Ball
1-0: Ground out U3 (Groundball, 34, EV 86.9 MPH)
Pitching: RHP Joe Morse
Batting: RHB Corey Dalton 0-0: Ground out 5-3 (Groundball, 5S, EV 91.9 MPH)
Batting: RHB Tommy Ellington 0-0: Ball
1-0: Fly out, F7 (Flyball, 78M, EV 83.8 MPH)
Bottom of the 8th over - 0 runs, 0 hits, 0 errors, 0 left on base; Clearwater 1 - Winston-Salem 4
TOP OF THE 9TH
Clearwater Threshers batting - Pitching for Winston-Salem Dash : LHP Matt Granados
Pitching: LHP Rodolfo Valencia
Batting: LHB Josh George 0-0: Ball
1-0: Ball
2-0: Ball
3-0: Base on Balls
Pinch Hitting: RHB Kyle Reilly 0-0: Ball
1-0: Ball
2-0: Ball
3-0: Called Strike
3-1: Base on Balls
Josh George to second
Pinch Hitting: SHB Steve DeRienzo 0-0: Ball
1-0: Fielders Choice at 2nd, 6-4 (Groundball, 6, EV 88.1 MPH)
Josh George to third
Batting: RHB Mike Maserang 0-0: Called Strike
0-1: Called Strike
0-2: Ball
1-2: Ball
2-2: Fielders Choice at 2nd, 6-4 (Groundball, 6MD, EV 103.8 MPH)
Josh George scores
Batting: RHB Juan Valadez 0-0: Called Strike
0-1: Ball
1-1: Foul Ball, location: 2F
1-2: Ball
2-2: Ball
3-2: Single, Error in OF, E9, batter to second base (Groundball, 4D, EV 106.9 MPH)
Mike Maserang to third
Batting: RHB Trent Hedrick 0-0: Ball
1-0: SINGLE (Line Drive, 56D, EV 95.6 MPH)
Mike Maserang scores
Juan Valadez to third
Runner from 3rd tries for Home, SAFE, throw by LF to home
Batting: RHB Tony Perez 0-0: Ball
1-0: Ball
2-0: Ball
3-0: Called Strike
3-1: Called Strike
Trent Hedrick steals 2nd base
3-2: Intentional Walk
Pinch Hitting: RHB Danny Habermehl 0-0: Foul Ball, location: 2F
0-1: Fly out, F7 (Flyball, 7S, EV 94.4 MPH)
Top of the 9th over - 3 runs, 2 hits, 1 error, 2 left on base; Clearwater 4 - Winston-Salem 4
BOTTOM OF THE 9TH
Winston-Salem Dash batting - Pitching for Clearwater Threshers : RHP Joe Morse
Pitching: RHP Ramon Mena
Now at C: Danny Habermehl
Now at 1B: Kyle Reilly
Now at 3B: Mike Maserang
Now in LF: Josh George
Now in RF: Steve DeRienzo
Pinch Hitting: RHB Tony Garcia 0-0: Ball
1-0: Ball
2-0: SINGLE (Line Drive, 6M, EV 102.5 MPH)
Pinch Hitting: SHB Noah Long 0-0: Called Strike
0-1: Ball
1-1: Ball
2-1: Sac Bunt to 15 - play at first, batter OUT! 1-3
Tony Garcia to second
Batting: RHB Miguel Pacheco 0-0: Foul Ball, location: 2F
0-1: Swinging Strike
0-2: Ball
1-2: Strikes out swinging
Batting: RHB Kunimatsu Oya 0-0: Ground out 5-3 (Groundball, 56, EV 103.8 MPH)
Bottom of the 9th over - 0 runs, 1 hit, 0 errors, 1 left on base; Clearwater 4 - Winston-Salem 4
TOP OF THE 10TH
Clearwater Threshers batting - Pitching for Winston-Salem Dash : LHP Rodolfo Valencia
Pitching: RHP Steve Friesner
Now at 3B: Andres Agudo
Now in LF: Noah Long
Now in CF: Jose Pereyra
Batting: SHB Brett St. Clair 0-0: Ball
1-0: Swinging Strike
1-1: TRIPLE (Flyball, 7LD, EV 100.6 MPH)
Batting: LHB Josh George 0-0: Intentional Walk
Batting: RHB Kyle Reilly 0-0: Ball
1-0: Swinging Strike
1-1: Ball
2-1: Fly out, F3 (Line Drive, 3L, EV 73.1 MPH)
Lined into DP, U3 (Line Drive, 3L, EV 73.1 MPH)
Batting: SHB Steve DeRienzo 0-0: Called Strike
0-1: Swinging Strike
0-2: Foul Ball, location: 2F
0-2: Fly out, F7 (Flyball, 7S, EV 83.1 MPH)
Top of the 10th over - 0 runs, 1 hit, 0 errors, 1 left on base; Clearwater 4 - Winston-Salem 4
BOTTOM OF THE 10TH
Winston-Salem Dash batting - Pitching for Clearwater Threshers : RHP Ramon Mena
Batting: SHB Andres Agudo 0-0: Foul Ball, location: 2F
0-1: Ball
1-1: Swinging Strike
1-2: Ball
2-2: Foul Ball, location: 5SF
2-2: Ball
3-2: Base on Balls
Batting: LHB Jesus Ramirez 0-0: Called Strike
0-1: Ball
1-1: Foul Ball, location: 2F
1-2: Ball
2-2: Foul Ball, location: 2F
2-2: Strikes out swinging
Batting: LHB Ryan Dyal 0-0: Called Strike
0-1: Swinging Strike
0-2: Strikes out swinging
Batting: RHB Corey Dalton 0-0: Called Strike
0-1: 2-RUN HOME RUN (Flyball, 7D, EV 105.0 MPH), Distance : 375 ft
Bottom of the 10th over - 2 runs, 1 hit, 0 errors, 0 left on base; Clearwater 4 - Winston-Salem 6
Sunday, July 16th , 2023 - OOTP Baseball 24.6 Build 69